 Dungeon Crawl Stone Soup version 0.29.1-1-gd02db6906a (webtiles) character file.

Game seed: 736798784816335064

141 unlimited1921 the Magician (level 5, -3/35 HPs)
             Began as a Djinni Fire Elementalist on Oct 8, 2022.
             Killed by divine providence
             ... invoked by an orc priest
              (14 damage)
             ... on level 3 of the Dungeon.
             The game lasted 00:09:10 (5374 turns).

unlimited1921 the Magician (DjFE)                   Turns: 5374, Time: 00:09:11

Health: -3/35      AC:  3    Str:  7    XL:     5   Next: 48%
Gold:   106        EV: 13    Int: 19    God:
                   SH:  0    Dex: 19

rFire   + + .      SeeInvis .   (no weapon)
rCold   x . .      Faith    .   (no shield)
rNeg    . . .      Spirit   .   a - +0 robe
rPois   ∞          Reflect  .   t - +0 helmet
rElec   .          Harm     .   (no cloak)
rCorr   .          Rampage  .   (no gloves)
Will    .....                   (boots unavailable)
Stlth   ++........              (no amulet)
HPRegen 0.11/turn               n - +6 ring of dexterity
MPRegen 0.00/turn               (no ring)

@: flying, very slightly contaminated
A: sickness immunity, fire resistance 2, cold vulnerability 1, float, innate
caster, HP casting, extra vitality 1
a: no special abilities


You were on level 3 of the Dungeon.
You visited 1 branch of the dungeon, and saw 3 of its levels.

You collected 106 gold pieces.

Inventory:

Hand Weapons
 j - a +0 hand axe
Missiles
 e - 42 stones
 k - 4 javelins
 u - 5 datura-tipped darts
Armour
 a - a +0 robe (worn)
 f - a +0 leather armour
 g - a +0 ring mail
 t - a +0 helmet (worn)
Jewellery
 h - an amulet of faith
 n - a +6 ring of dexterity (left hand)
Scrolls
 b - a scroll of magic mapping {unknown}
 i - 2 scrolls of poison {unknown}
 l - a scroll of identify {unknown}
 o - a scroll of summoning {unknown}
 p - a scroll of teleportation {unknown}
 q - 2 scrolls of enchant armour {unknown}
Potions
 c - 3 potions of curing {unknown}
 d - a potion of mutation {unknown}
 m - 2 potions of berserk rage {unknown}
 r - a potion of attraction {unknown}
 s - a potion of might {unknown}


   Skills:
 + Level 2.5 Dodging
 + Level 2.4 Stealth
 + Level 4.0 Spellcasting


You couldn't memorise any spells.
You knew the following spells:

 Your Spells              Type           Power      Damage    Failure   Level
a - Foxfire               Conj/Fire      76%        2x1d7     2%          1
b - Scorch                Fire           38%        2d7       4%          2
c - Conjure Flame         Conj/Fire      19%        6-21      8%          3
d - Inner Flame           Hex/Fire       19%        N/A       8%          3
e - Flame Wave            Conj/Fire      19%        2d7       26%         4
f - Necrotise             Necr           76%        1d7       2%          1
g - Passwall              Tmut/Erth      15%        N/A       4%          2
Your spell library was empty.

Dungeon Overview and Level Annotations

Branches:
Dungeon (3/15)

Altars:

Annotations:
D:3 1 transporter, Wentworth's ghost, weakling DsIE


Innate Abilities, Weirdness & Mutations

You are immune to sickness and miasma.
You are immune to poison.
Your flesh is very heat resistant. (rF++)
You are vulnerable to cold. (rC-)
You float through the air rather than walking.
You learn spells naturally, not from books.
Your magical power is your life essence.
You have superior vitality. (+4 MHP)


Message History

Aim: an orc, wielding a +0 short sword (chance to affect: 86%)
The orc is filled with an inner flame.
Casting: Inner Flame (dangerous; 8% risk of failure)
Confirm with . or Enter, or press ? or * to list all spells.
Okay, then.
Unknown command.
You conjure some foxfire!
You conjure some foxfire!
The foxfire hits the orc!
The orc explodes!
You hear a shout! x2
You start resting.
An orc priest comes into view. It is wielding a +0 club.
An orc priest is nearby!
An orc priest is nearby!
You conjure some foxfire!
The orc priest shouts!
Casting: Foxfire (safe; 2% risk of failure)
Confirm with . or Enter, or press ? or * to list all spells.
You miscast Foxfire.
You are very lightly contaminated with residual magic.
Nothing appears to happen.
The foxfire hits the orc priest but does no damage.
The orc priest invokes the aid of Beogh against you.
Beogh smites you!
An orc comes into view. It is wielding a +0 whip.
Casting: Foxfire (safe; 2% risk of failure)
Confirm with . or Enter, or press ? or * to list all spells.
Aiming: Inner Flame (dangerous; 8% risk of failure)
Press: ? - help, Dir - move target, f - orc priest
Aim: an orc priest, wielding a +0 club and wearing a +0 scale mail (chance to affect: 74%)
The orc priest struggles to resist.
Casting: Inner Flame (dangerous; 8% risk of failure)
Confirm with . or Enter, or press ? or * to list all spells.
Aiming: Necrotise (safe; 2% risk of failure)
Press: ? - help, Shift-Dir - straight line, f/p - orc priest
Aim: an orc priest, wielding a +0 club and wearing a +0 scale mail (chance to affect: 78%)
The orc priest writhes in agony!
The orc priest calls down the wrath of Beogh upon you.
Beogh smites you!
You die...

# ###.# #.# #
###.####.#### #
#......§○...# #
#.#.####§##.# #
#.#.####§##.##.# #
#.#...)........#
########.######o##....
[.......<# #o########.
########## #.@v...§)..
###########


You could see an orc priest (ally target) and an orc.

Vanquished Creatures
  A scorpion (D:2)
  2 adders
  A worm (D:2)
  2 dart slugs
  2 orcs (D:3)
  4 ball pythons
  2 bats
  5 endoplasms
  A giant cockroach (D:1)
  5 goblins
  2 hobgoblins (D:3)
  7 jackals
  2 quokkas
  4 frilled lizards
  10 kobolds
  4 rats
54 creatures vanquished.

Vanquished Creatures (collateral kills)
  2 foxfires (D:1)
2 creatures vanquished.

Vanquished Creatures (others)
  8 demonic plants (D:1)
  110 foxfires
  6 fungi (D:1)
  7 plants (D:1)
131 creatures vanquished.

Grand Total: 187 creatures vanquished

Notes
Turn   | Place    | Note
-------+----------+-------------------------------------------
     0 | D:1      | unlimited1921 the Djinni Fire Elementalist began the quest
                  | for the Orb.
     0 | D:1      | unlimited1921 set off with the following spells memorised:
                  | Foxfire, Scorch, Conjure Flame, Inner Flame, Flame Wave.
     0 | D:1      | Reached XP level 1. HP: 15/15 MP: 0/0
    99 | D:1      | Found a faded altar of an unknown god.
   869 | D:1      | Reached XP level 2. HP: 17/21 MP: 0/0
  2859 | D:2      | Reached skill level 3 in Spellcasting
  2860 | D:2      | Reached XP level 3. HP: 21/25 MP: 0/0
  2860 | D:2      | Learned a level 1 spell: Necrotise
  3178 | D:2      | Noticed a scorpion
  3185 | D:2      | Killed a scorpion
  3186 | D:2      | Reached XP level 4. HP: 16/31 MP: 0/0
  3541 | D:2      | Reached XP level 5. HP: 32/35 MP: 0/0
  3541 | D:2      | Learned a level 2 spell: Passwall
  4401 | D:3      | Found a transporter.
  4401 | D:3      | Noticed Wentworth's ghost (weakling DsIE)
  4671 | D:3      | Reached skill level 4 in Spellcasting
  5374 | D:3      | Killed from afar by an orc priest

Illustrated notes

Levels and vault maps discovered:
D:1:      dpeg_arrival_shelter, layout_basic, shapermc_ecumenical_altar_gd,
          chequers_jeans, dk_noncrumbling_3
D:2:      layout_loops_ring
D:3:      layout_loops_ring, grunt_temple_overflow_order_and_chaos_1,
          gammafunk_ghost_arena, solitary_fountain

Skill      XL: |  1  2  3  4  5 |
---------------+----------------+-----
Spellcasting   | 3 4 |  4.0
Stealth        | 2 |  2.4
Dodging        | |  2.5

Action                   |  1- 3 |  4- 6 || total
-------------------------+-------+-------++-------
Melee: Unarmed           |    65 |       ||    65
       Punch             |     1 |       ||     1
 Cast: Foxfire           |    27 |    56 ||    83
       Scorch            |    19 |     8 ||    27
       Necrotise         |     2 |     1 ||     3
       Inner Flame       |       |     3 ||     3
Armor: Robe              |     1 |     2 ||     3
Dodge: Dodged            |     7 |     2 ||     9
